 Dungeon Crawl Stone Soup version 0.20.1-1-g8b1a95d (webtiles) character file.

182 Norian the Conjurer (level 5, -13/28 HPs)
             Began as a Deep Elf Conjurer on Oct 17, 2017.
             Mangled by a troll (15 damage)
             ... on level 4 of the Dungeon.
             The game lasted 00:08:24 (2929 turns).

Norian the Conjurer (Deep Elf Conjurer)             Turns: 2929, Time: 00:08:25

Health: -13/28     AC:  2    Str:  5    XL:     5   Next: 34%
Magic:  2/15       EV: 13    Int: 21    God:
Gold:   128        SH:  0    Dex: 15    Spells: 8/15 levels left

rFire    . . .     SeeInvis .   h - +0 dagger (venom)
rCold    . . .     Gourm    .   (no shield)
rNeg     . . .     Faith    .   a - +0 robe
rPois    .         Spirit   .   (no helmet)
rElec    .         Reflect  .   (no cloak)
rCorr    .         Harm     .   (no gloves)
MR       .....                  (no boots)
Stlth    ++........             (no amulet)
Regen    0.1/turn               (no ring)
MPRegen  0.2/turn               (no ring)

@: hasted, very quick
A: no striking features
a: no special abilities


You were on level 4 of the Dungeon.
You were very hungry.

You visited 1 branch of the dungeon, and saw 4 of its levels.

You collected 128 gold pieces.

Inventory:

Hand Weapons
 h - a +0 dagger of venom (weapon)
Armour
 a - a +0 robe (worn)
Jewellery
 n - an uncursed amulet of rage {unknown}
Wands
 o - a wand of random effects (19/48)
Scrolls
 d - 6 scrolls of identify {unknown}
 e - 3 scrolls of teleportation {unknown}
 f - 2 scrolls of recharging {unknown}
 j - 3 scrolls of remove curse {unknown}
 l - a scroll of enchant weapon {unknown}
 r - a scroll of fear {unknown}
 s - a scroll of immolation {unknown}
Potions
 g - 2 potions of lignification {unknown}
 i - 2 potions of haste
 m - 3 potions of curing {unknown}
 p - a potion of mutation {unknown}
 q - a potion of invisibility {unknown}
Books
 b - a book of Conjurations

   Spells                             Type                      Level
   a - Magic Dart                     Conjuration                  1
   b - Searing Ray                    Conjuration                  2
   c - Dazzling Spray                 Conjuration/Hexes            3
   d - Fulminant Prism                Conjuration/Hexes            4
   e - Force Lance                    Conjuration/Translocation    4
   f - Iskenderun's Mystic Blast      Conjuration                  4
Comestibles
 c - 3 bread rations
 k - 3 meat rations
 t - 2 royal jellies


   Skills:
 - Level 2.4 Dodging
 - Level 2.4 Stealth
 + Level 5.6 Spellcasting
 + Level 6.1 Conjurations


You had 8 spell levels left.
You knew the following spells:

 Your Spells              Type           Power        Failure   Level  Hunger
a - Magic Dart            Conj           ####         1%          1    None
b - Searing Ray           Conj           ####..       1%          2    None
c - Iskenderun's Mystic   Conj           ####....     9%          4    ####...


Dungeon Overview and Level Annotations

Branches:
Dungeon (4/15)
 Temple: D:4-7

Altars:
Cheibriados
Xom
Zin

Annotations:
D:4 frotz's ghost, amateur TrWz


Message History

The troll is heavily wounded.
Casting: Iskenderun's Mystic Blast
Confirm with . or Enter, or press ? or * to list all spells.
Aiming: Iskenderun's Mystic Blast
Press: ? - help, Shift-Dir - straight line, f/p - troll
Aim: a troll (heavily wounded)
The orb of energy hits the troll.
The troll is heavily wounded.
The orb of energy explodes!
You are feeling very hungry.
The troll bites you!
Ouch! That really hurt!
* * * LOW HITPOINT WARNING * * *
The troll misses you. The troll barely misses you.
Okay, then.
Drop what? 20/52 slots (_ for help) (? for menu, Esc to quit)
Okay, then.
It was a potion of haste.
You feel yourself speed up. The troll bites you!
Ouch! That really hurt!
You die...

#รท#.#.......#.#.
###############.#.#.......#.#.
#.............#.#.#.......#.#.
#.###########.#.#.#.........#.
#.# #.#.#.#......#..#. #.#
#.#. #.#.#.#......#..#. #.#
#... #.#.#.#......##.#. #.#
#... #.#.#.#......##.#. #.#
#... #@#.#.#......##>#. #.#
#.T. #T#.#.###########. #.#
... #.#.#.# ##. #.#
#.#####.#.#.# #.. #.#
#.......#.#.############
#.#############.#.............
#...............##############
#################


You could see a troll.

Vanquished Creatures
  2 worker ants (D:4)
  4 adders
  4 gnolls (D:2)
  A howler monkey skeleton (D:4)
  A worm (D:2)
  2 leopard geckos
  2 orcs (D:3)
  2 giant cockroaches (D:1)
  4 goblins
  4 hobgoblins
  A quokka (D:4)
  2 ball pythons (D:3)
  6 bats
  3 frilled lizards
  4 kobolds
  6 rats
48 creatures vanquished.

Vanquished Creatures (others)
  5 toadstools (D:1)
5 creatures vanquished.

Grand Total: 53 creatures vanquished

Notes
Turn   | Place    | Note
-------+----------+-------------------------------------------
     0 | D:1      | Norian the Deep Elf Conjurer began the quest for the Orb.
     0 | D:1      | Reached XP level 1. HP: 10/10 MP: 6/6
   240 | D:1      | Reached XP level 2. HP: 15/15 MP: 3/8
   533 | D:2      | Learned a level 2 spell: Searing Ray
   648 | D:2      | Reached skill level 5 in Conjurations
   648 | D:2      | Reached XP level 3. HP: 17/19 MP: 3/10
   867 | D:2      | Found a glowing silver altar of Zin.
   867 | D:2      | Noticed an angel
  1017 | D:2      | Reached XP level 4. HP: 24/24 MP: 6/12
  1205 | D:2      | Found a glowing golden altar of the Shining One.
  1208 | D:2      | Found a hazy altar of Hepliaklqana.
  1208 | D:2      | Found a hazy altar of Hepliaklqana.
  1210 | D:2      | Found a white marble altar of Elyvilon.
  1210 | D:2      | Found a snail-covered altar of Cheibriados.
  1210 | D:2      | Found a shimmering altar of Xom.
  1684 | D:3      | Learned a level 4 spell: Iskenderun's Mystic Blast
  1851 | D:3      | Reached skill level 5 in Spellcasting
  2023 | D:3      | Found a snail-covered altar of Cheibriados.
  2510 | D:4      | Reached XP level 5. HP: 28/28 MP: 6/14
  2520 | D:4      | Noticed frotz's ghost (amateur TrWz)
  2843 | D:4      | Reached skill level 6 in Conjurations
  2917 | D:4      | Noticed a troll
  2929 | D:4      | Mangled by a troll

Skill      XL: |  1  2  3  4  5 |
---------------+----------------+-----
Spellcasting   | 4 5 |  5.6
Conjurations   | 5 6 |  6.1
Dodging        | |  2.4
Stealth        | |  2.4

Action                   |  1- 3 |  4- 6 || total
-------------------------+-------+-------++-------
 Cast: Magic Dart        |    37 |    42 ||    79
       Searing Ray       |     4 |     3 ||     7
       Iskenderun's Myst |       |     6 ||     6
  Use: Potion            |       |     1 ||     1
  Eat: Chunk             |       |     5 ||     5
       Fruit             |       |     1 ||     1
Armor: Robe              |       |     1 ||     1
Dodge: Dodged            |     5 |     7 ||    12
